 Dungeon Crawl Stone Soup version 0.28.0-53-g5a82cb258f (webtiles) character file.

Game seed: 10429428172724833381

157 buhh the Skirmisher (level 5, 0/39 HPs)
             Began as an Octopode Transmuter on June 20, 2022.
             Slain by Sigmund
             ... wielding a +0 scythe
              (3 damage)
             ... on level 3 of the Dungeon.
             The game lasted 00:04:08 (3106 turns).

buhh the Skirmisher (Octopode Transmuter)           Turns: 3106, Time: 00:04:08

Health: 0/39       AC:  1    Str: 10    XL:     5   Next: 38%
Magic:  6/8        EV: 13    Int: 17    God:
Gold:   123        SH:  0    Dex: 12    Spells: 5/8 levels left

rFire   . . .      SeeInvis .     - Unarmed
rCold   . . .      Faith    .   (no shield)
rNeg    . . .      Spirit   .   (helmet currently unavailable)
rPois   .          Reflect  .   (no amulet)
rElec   .          Harm     .   (no ring)
rCorr   .          Rampage  .   (no ring)
Will    .....                   (no ring)
Stlth   +++.......              (no ring)
HPRegen 0.13/turn               (no ring)
MPRegen 0.11/turn               (no ring)
                                (no ring)
                                (no ring)

@: mighty, appendages, hasted, very quick
A: tentacle spike 3, almost no armour, amphibious, 8 rings, camouflage 1,
gelatinous body 1, (nimble swimmer 1), tentacles
a: End Transformation


You were on level 3 of the Dungeon.
One of your tentacles had grown a beastly spike.
You visited 1 branch of the dungeon, and saw 3 of its levels.

You collected 123 gold pieces.

Inventory:

Missiles
 e - a throwing net {!f}
 G - 7 javelins
Scrolls
 b - a scroll of enchant weapon {unknown}
 c - a scroll of blinking {!d}
 d - a scroll of vulnerability
 g - a scroll of identify {!d}
Potions
 a - 2 potions of degeneration


   Skills:
 - Level 5.0 Fighting
 - Level 2.0 Dodging
 - Level 1.0 Stealth
 - Level 3.0 Unarmed Combat
 - Level 2.0 Spellcasting
 * Level 2.0 Transmutations


You had 5 spell levels left.
You knew the following spells:

 Your Spells              Type           Power      Damage    Failure   Level
a - Beastly Appendage     Tmut           16%        N/A       9%          1
b - Wereblood             Tmut           8%         N/A       12%         2

Your spell library contained the following spells:

 Spells                   Type           Power      Damage    Failure   Level
 Slow                     Hex            4%         N/A       19%         1
 Spider Form              Tmut/Pois      5%         N/A       36%         3
 Ice Form                 Ice/Tmut       5%         N/A       77%         4


Dungeon Overview and Level Annotations

Branches:
Dungeon (3/15)

Altars:
Sif Muna

Annotations:
D:3 exclusion: adder, Sigmund


Innate Abilities, Weirdness & Mutations

One of your tentacles has grown a beastly spike.
You cannot wear most types of armour.
You are amphibious.
You can wear up to eight rings at the same time.
Your skin changes colour to match your surroundings (Stealth+).
Your rubbery body absorbs attacks. (AC +1, EV +1)
((You are camouflaged when in or above water. (Stealth+)))
You have tentacles for arms and can constrict up to eight enemies at once.


Message History

Really quaff
O - a potion of haste {!q!d}?
You feel yourself speed up. The adder barely misses you. Something hits you.
You closely miss the adder. Your grab misses the adder.
Your squeeze misses the adder. The adder bites you.
You are poisoned.
The adder poisons you!
You closely miss the adder. Your grab misses the adder.
Your tentacle spike misses the adder.
You feel sick. The adder closely misses you. Something hits you.
Casting: Beastly Appendage (safe; 9% risk of failure)
Press: ? - help, Q - select action, (/) - cycle Dir - look around, f - activate You extend your transformation's duration.
You feel sick. The adder bites you.
You bludgeon the adder!
You kill the adder!
Something barely misses you.
Training target 5.0 for Fighting reached!
Your Fighting skill increases to level 5!
You need to enable at least one skill for training.
You feel sick.
You see here an adder corpse.
Casting: Beastly Appendage (safe; 9% risk of failure)
Press: ? - help, Q - select action, (/) - cycle Dir - look around, f - activate You extend your transformation's duration.
You feel sick.
You closely miss something.
Your tentacle spike misses something.
Your squeeze misses something.
You hear some strange, mumbled words.
A puff of flame appears from out of thin air!
The puff of flame hits you!
You closely miss something.
Your tentacle spike misses something.
Your squeeze misses something.
You feel sick.
You are no longer poisoned.
Something hits you!
* * * LOW HITPOINT WARNING * * *
You bludgeon something!
Your tentacle spike misses something.
Your squeeze misses something. You miss something.
Your squeeze misses something. You closely miss something. Something hits you.
You die...

....... #####.# #.# #..
....... ##....... #.#
#... ....... #....{.@S
#.# #...
.......##........ #.#
#...
.................###.###
#...
.....................#
#...
#.....##########.#.#
#...
#.....##########.#.#
#...
#.....'.{@.....#.#.#
#...
#.....########(#.#.#
###. #.....#
#.....#.#.#######
#.....#
#.#####.#........
#.....# #.# #.#########
#.....# #.# #..........
#######
#.#######...#....
#..........#.#...
########..#._.#..


There were no monsters in sight!

Vanquished Creatures
  An orc wizard (D:3)
  Robin (D:3)
  4 adders
  4 worms (D:2)
  2 dart slugs (D:2)
  An orc (D:3)
  4 bats
  3 endoplasms
  3 giant cockroaches
  8 goblins
  9 hobgoblins
  2 quokkas
  5 ball pythons
  4 frilled lizards
  5 kobolds
  11 rats
67 creatures vanquished.

Vanquished Creatures (others)
  An orc wizard (D:3)
1 creature vanquished.

Grand Total: 68 creatures vanquished

Notes
Turn   | Place    | Note
-------+----------+-------------------------------------------
     0 | D:1      | buhh the Octopode Transmuter began the quest for the Orb.
     0 | D:1      | Reached XP level 1. HP: 13/13 MP: 3/3
   518 | D:1      | Reached XP level 2. HP: 15/19 MP: 3/5
   525 | D:1      | Reached skill level 2 in Fighting
  1034 | D:2      | Reached skill level 3 in Fighting
  1034 | D:2      | Reached XP level 3. HP: 18/26 MP: 4/6
  1623 | D:2      | Reached XP level 4. HP: 18/32 MP: 5/7
  1979 | D:2      | Reached skill level 4 in Fighting
  2345 | D:3      | Found a shimmering blue altar of Sif Muna.
  2580 | D:3      | Got Sif Muna's Catalogue of Malediction
  2637 | D:3      | Learned a level 2 spell: Wereblood
  2640 | D:3      | Reached XP level 5. HP: 38/38 MP: 4/8
  2653 | D:3      | Noticed Robin
  2671 | D:3      | Killed Robin
  3006 | D:3      | Noticed Sigmund
  3031 | D:3      | Found a faded altar of an unknown god.
  3100 | D:3      | Reached skill level 5 in Fighting
  3106 | D:3      | Slain by Sigmund

Illustrated notes

Levels and vault maps discovered:
D:1:      wander_arrival_lonely_grave, layout_loops_ring, minmay_vboxes
D:2:      layout_rooms
D:3:      layout_basic, led_sif_book, chequers_ecumenical_altar_simple_redux,
          uniq_robin, uniq_sigmund

Skill      XL: |  1  2  3  4  5 |
---------------+----------------+-----
Stealth        | 1 |  1.0
Fighting       | 3 4 5 |  5.0
Dodging        | |  2.0
Unarmed Combat | |  3.0
Spellcasting   | |  2.0
Transmutations | |  2.0

Action                   |  1- 3 |  4- 6 || total
-------------------------+-------+-------++-------
Melee: Unarmed           |    67 |    72 ||   139
       Kick              |    23 |    20 ||    43
       Constrict         |    19 |    20 ||    39
       Tentacles         |    12 |    16 ||    28
       Punch             |     4 |     2 ||     6
 Cast: Beastly Appendage |    20 |    15 ||    35
       Wereblood         |       |     1 ||     1
  Use: Scroll            |     8 |       ||     8
       Potion            |       |     2 ||     2
 Stab: Sleeping          |     4 |     3 ||     7
       Distracted        |     1 |       ||     1
Armor: Skin              |     6 |     4 ||    10
Dodge: Dodged            |    33 |    31 ||    64
